 Dungeon Crawl Stone Soup version 0.29-a0-330-g52719c12eb (webtiles) character file.

Game seed: 2318036917991338416

25200 dohliylev the Brawler (level 12, 0/122 HPs)
             Began as a Troll Warper on May 30, 2022.
             Was a High Priest of Okawaru.
             Slain by a yak (3 damage)
             ... on level 4 of the Lair of Beasts.
             The game lasted 00:34:02 (11547 turns).

dohliylev the Brawler (Troll Warper)               Turns: 11547, Time: 00:34:04

Health: 0/122      AC: 17    Str: 26    XL:     12   Next: 87%
Magic:  13/13      EV: 12    Int:  9    God:    Okawaru [*****.]
Gold:   1745       SH:  5    Dex:  9    Spells: 13/13 levels left

rFire   . . .      SeeInvis .     - Unarmed
rCold   + . .      Faith    .   (no shield)
rNeg    . . .      Spirit   .   d - +1 storm dragon scales of Ignis's Esteem {Rampage rElec rC+ Regen+}
rPois   .          Reflect  +   (helmet restricted)
rElec   +          Harm     .   R - +0 cloak
rCorr   .          Rampage  +   (gloves unavailable)
Will    .....                   (boots unavailable)
Stlth   ..........              y - amulet of reflection
HPRegen 1.90/turn               o - +4 ring of evasion
MPRegen 0.13/turn               h - +4 ring of evasion

@: about to teleport, petrifying, very slow
A: large, unfitting armour, claws 3, regeneration 1, shaggy fur 1, tough skin 1
a: Renounce Religion, Heroism, Finesse, Duel


You were on level 4 of the Lair of Beasts.
You worshipped Okawaru.
Okawaru was extremely pleased with you.
You visited 3 branches of the dungeon, and saw 15 of its levels.
You also visited: Sewer.

You collected 2305 gold pieces.
You spent 560 gold pieces at shops.

Inventory:

Missiles
 b - 4 silver javelins
 c - 7 boomerangs of dispersal
 k - 2 javelins (quivered)
 t - 6 large rocks
 v - 2 throwing nets
 S - 2 boomerangs
Armour
 d - the +1 storm dragon scales of Ignis's Esteem (worn) {Rampage rElec rC+ Regen+}
   (You acquired it on level 3 of the Dungeon)

   rC:        It protects you from cold.
   rElec:     It insulates you from electricity.
   Regen:     It increases your rate of health regeneration.
   Rampage:   It bestows one free step when moving towards enemies.
 Q - +0 fire dragon scales
 R - a +0 cloak (worn)
 T - the +5 steam dragon scales of the Tundras {Int+4}
   (Okawaru gifted it to you on level 3 of the Lair of Beasts)

   Int:       It affects your intelligence (+4).
Jewellery
 g - a ring of fire
 h - a +4 ring of evasion (right claw)
 o - a +4 ring of evasion (left claw)
 x - a ring of resist corrosion
 y - an amulet of reflection (around neck)
 D - a ring of flight
 E - a ring of poison resistance
Wands
 f - a wand of polymorph (21)
 j - a wand of iceblast (10)
 u - a wand of flame (37)
Scrolls
 e - 8 scrolls of identify
 m - 3 scrolls of fear
 n - 2 scrolls of noise {unknown}
 q - 7 scrolls of enchant armour
 r - 6 scrolls of teleportation
 B - 2 scrolls of fog
 C - a scroll of silence {unknown}
 F - a scroll of acquirement
 J - 2 scrolls of enchant weapon {unknown}
 M - a scroll of magic mapping
 N - a scroll of blinking
 O - a scroll of amnesia {unknown}
 P - a scroll of brand weapon {unknown}
Potions
 a - 4 potions of attraction {unknown}
 i - 9 potions of curing {unknown}
 l - 3 potions of heal wounds
 p - a potion of mutation {unknown}
 s - 4 potions of flight
 w - 4 potions of degeneration {unknown}
 z - a potion of invisibility
 A - 5 potions of magic {unknown}
 G - 2 potions of lignification {unknown}
 H - a potion of ambrosia {unknown}
 I - 2 potions of brilliance {unknown}
 L - 2 potions of might {unknown}
Miscellaneous
 K - a condenser vane


   Skills:
 * Level 8.7 Fighting
 + Level 3.7 Throwing
 + Level 8.0 Armour
 + Level 5.0 Dodging
 - Level 1.3 Shields
 + Level 15.3 Unarmed Combat
 + Level 1.4 Spellcasting
 + Level 2.7 Translocations


You had 13 spell levels left.
You didn't know any spells.
Your spell library contained the following spells:

 Spells                   Type           Power      Damage    Failure   Level
 Blink                    Tloc           10%        N/A       67%         2
 Gell's Gravitas          Tloc           5%         N/A       88%         3
 Lesser Beckoning         Tloc           5%         N/A       88%         3
 Teleport Other           Tloc           5%         N/A       88%         3
 Ensorcelled Hibernation  Hex/Ice        0%         N/A       95%         2
 Portal Projectile        Hex/Tloc       6%         N/A       97%         3
 Spider Form              Tmut/Pois      0%         N/A       99%         3
 Anguish                  Hex/Necr       0%         N/A       100%        4
 Petrify                  Tmut/Erth      0%         N/A       100%        4
 Blade Hands              Tmut           0%         N/A       100%        5
 Excruciating Wounds      Necr           0%         N/A       100%        5
 Manifold Assault         Tloc           5%         N/A       100%        5
 Metabolic Englaciation   Hex/Ice        0%         N/A       100%        5
 Iron Shot                Conj/Erth      0%         9d1       100%        6
 Statue Form              Tmut/Erth      0%         N/A       100%        6
 Animate Armour           Summ/Erth      Unusable   N/A       N/A         4

Dungeon Overview and Level Annotations

Branches:
Dungeon (10/15)            Temple (1/1) D:5            Lair (4/6) D:10
  Swamp (0/4) Lair:2        Sewer (visited)
  Snake: Lair:2-4    Spider: Lair:2-4       Orc: D:9-12

Altars:
Ashenzari
Cheibriados
Dithmenos
Elyvilon
Fedhas
Gozag
Hepliaklqana
Kikubaaqudgha
Makhleb
Nemelex Xobeh
Okawaru
Qazlal
Ru
Sif Muna
Trog
Uskayaw
Vehumet
Wu Jian
Xom
Yredelemnul
Zin
The Shining One
Jiyva

Shops:
D:5 *   D:9 *

Portals:
Volcano: Lair:4

Annotations:
Lair:1 3 runed translucent doors, Vorhees's ghost, journeyman GnWn


Innate Abilities, Weirdness & Mutations

You are too large for most types of armour.
You have claws for hands.
Your natural rate of healing is unusually fast.
You are covered in fur. (AC +1)
You have tough skin. (AC +1)


Message History

The yak gores you!
* * * LOW HITPOINT WARNING * * *
You block the yak's attack.
You completely miss the basilisk.
The basilisk is severely wounded.
You hear the rumble of an avalanche of rocks.
The komodo dragon closely misses you. The basilisk gazes at you.
You resist with some effort. The yak gores you but does no damage.
The yak closely misses you.
You barely miss the basilisk.
The basilisk is severely wounded.
The komodo dragon closely misses you.
You barely miss the basilisk. Your claw misses the basilisk.
The basilisk is severely wounded.
The basilisk closely misses you. The yak gores you but does no damage.
You block the yak's attack.
You scratch the basilisk.
The basilisk is almost dead.
The komodo dragon bites you!
* * * LOW HITPOINT WARNING * * *
The basilisk gazes at you. You resist with some effort.
The yak barely misses you. The yak gores you but does no damage.
Unknown command.
As you read the scroll of teleportation, it crumbles to dust.
You feel strangely unstable. The komodo dragon bites you!
* * * LOW HITPOINT WARNING * * *
The yak completely misses you. The basilisk gazes at you.
You are slowing down.
The yak closely misses you.
You scratch the basilisk.
The basilisk is almost dead.
The komodo dragon bites you!
* * * LOW HITPOINT WARNING * * *
The basilisk bites you!
* * * LOW HITPOINT WARNING * * *
The yak gores you.
You die...

........#.#....≈...#
.............#≈≈#..##
............#§.#....##
P##.......#∩§§.......#
.# ....#..#.#§......#
... ...#≈≈#...≈.....#
..# ...≈.......≈....##
)..
.......#...l.....##
... ....#..§.§#@l....#
..
...b......#YY...?### .
....PP.#P..Y.....$.#
...................#
.................##
...##P...........# ..#
##...#......)P#
#...........##
.............


You could see a komodo dragon, 3 yaks and a basilisk.

Vanquished Creatures
  A fire dragon (D:10)
  2 boulder beetles
  A bog body (Lair:2)
  An ugly thing (D:10)
  A cyclops (D:8)
  A gargoyle (D:7)
  4 cane toads
  2 rime drakes (Lair:2)
  7 komodo dragons
  A troll (D:9)
  Grinder (D:5)
  A polar bear (Lair:3)
  A hornet (D:10)
  19 blink frogs
  Prince Ribbit (Lair:3)
  6 dream sheep (Lair:3)
  37 yaks
  A shadow (D:9)
  A wyvern (D:7)
  2 basilisks (Lair:3)
  2 vampire mosquitoes (D:10)
  Menkaure (D:4)
  2 acid dragons
  7 water moccasins
  Duvessa (D:6)
  2 sky beasts
  2 orc warriors (D:9)
  2 ice beasts
  10 wolves (Lair:2)
  4 centaurs
  4 kobold brigands
  Blork the orc (D:6)
  4 necrophages
  11 bullfrogs
  3 gnoll sergeants
  9 wights
  Dowan (D:6)
  15 killer bees
  An electric eel (D:10)
  5 howler monkeys
  4 hounds
  3 orc priests
  Ijyb (D:3)
  5 iguanas
  5 hell rats (Lair:1)
  Natasha (D:2)
  7 orc wizards
  15 gnolls
  6 adders
  2 river rats (Sewer)
  3 shadow imps
  2 white imps
  2 worms (D:3)
  A dart slug (D:5)
  24 orcs
  4 bats
  8 endoplasms
  5 giant cockroaches
  8 goblins
  4 hobgoblins
  5 jackals
  14 kobolds
  3 quokkas
  4 ball pythons
  A frilled lizard (D:2)
  5 rats
320 creatures vanquished.

Vanquished Creatures (collateral kills)
  A rat (D:2)
1 creature vanquished.

Vanquished Creatures (others)
  An orc (D:3)
  7 fungi
  35 plants
43 creatures vanquished.

Grand Total: 364 creatures vanquished

Notes
Turn   | Place    | Note
-------+----------+-------------------------------------------
     0 | D:1      | dohliylev the Troll Warper began the quest for the Orb.
     0 | D:1      | Reached XP level 1. HP: 19/19 MP: 1/1
   503 | D:1      | Reached XP level 2. HP: 26/28 MP: 3/3
   665 | D:1      | Found a faded altar of an unknown god.
  1213 | D:2      | Reached XP level 3. HP: 33/35 MP: 4/4
  1259 | D:2      | Noticed Natasha
  1269 | D:2      | Killed Natasha
  1503 | D:2      | Reached XP level 4. HP: 42/42 MP: 5/5
  1799 | D:3      | Identified 3 scrolls of acquirement
  1799 | D:3      | Acquired the +1 storm dragon scales of Ignis's Esteem
                  | {Rampage rElec rC+ Regen+}
  1812 | D:3      | Acquired 812 gold pieces
  1813 | D:3      | Acquired 678 gold pieces
  1925 | D:3      | Found a glowing drain.
  1933 | Sewer    | Entered a sewer
  1942 | Sewer    | Reached skill level 3 in Unarmed Combat
  1991 | Sewer    | Noticed a kobold brigand
  2024 | Sewer    | Killed a kobold brigand
  2025 | Sewer    | Reached XP level 5. HP: 46/50 MP: 6/6
  2059 | Sewer    | Reached skill level 4 in Unarmed Combat
  2180 | Sewer    | Found a glowing silver altar of Zin.
  2307 | D:3      | Noticed Ijyb
  2319 | D:3      | Killed Ijyb
  2320 | D:3      | Reached XP level 6. HP: 59/59 MP: 7/7
  2823 | D:3      | Found an opulent altar of Gozag.
  3186 | D:4      | Reached skill level 1 in Armour
  3295 | D:4      | Noticed Menkaure
  3566 | D:4      | Reached skill level 5 in Unarmed Combat
  3566 | D:4      | Reached XP level 7. HP: 63/67 MP: 8/8
  3764 | D:4      | Killed Menkaure
  3765 | D:4      | Reached skill level 1 in Throwing
  4096 | D:5      | Entered Level 5 of the Dungeon
  4356 | D:5      | Noticed Grinder
  4385 | D:5      | Killed Grinder
  4386 | D:5      | Reached skill level 6 in Unarmed Combat
  4411 | D:5      | Reached XP level 8. HP: 78/78 MP: 9/9
  4430 | D:5      | Found a staircase to the Ecumenical Temple.
  4439 | Temple   | Entered the Ecumenical Temple
  4701 | D:5      | Found a shimmering blue altar of Sif Muna.
  4813 | D:5      | Found Toad's General Store.
  5261 | D:6      | Noticed Duvessa
  5262 | D:6      | Noticed Dowan
  5281 | D:6      | Killed Duvessa
  5285 | D:6      | Killed Dowan
  5303 | D:6      | Noticed Blork the orc
  5307 | D:6      | Killed Blork the orc
  5341 | D:6      | Identified the +12 dagger of the Final Chapter {flame,
                  | Str+3}
  5505 | D:6      | Reached skill level 7 in Unarmed Combat
  5693 | D:6      | Found a glowing silver altar of Zin.
  5784 | D:7      | Reached skill level 1 in Shields
  5879 | D:7      | Reached skill level 5 in Fighting
  5887 | D:7      | Reached XP level 9. HP: 71/88 MP: 10/10
  5920 | D:7      | Reached skill level 8 in Unarmed Combat
  6175 | D:7      | Found a faded altar of an unknown god.
  6176 | D:7      | Noticed a gargoyle
  6197 | D:7      | Killed a gargoyle
  6316 | D:7      | Found a hazy altar of Hepliaklqana.
  6486 | D:8      | Noticed a cyclops
  6486 | D:8      | Found an iron altar of Okawaru.
  6490 | D:8      | Killed a cyclops
  6491 | D:8      | Reached skill level 9 in Unarmed Combat
  6891 | D:8      | Found a white marble altar of Elyvilon.
  6910 | D:8      | Noticed a boulder beetle
  6927 | D:8      | Killed a boulder beetle
  6928 | D:8      | Reached skill level 5 in Armour
  6928 | D:8      | Reached XP level 10. HP: 98/98 MP: 11/11
  7009 | D:8      | Became a worshipper of Warmaster Okawaru
  7019 | D:9      | Found an ancient bone altar of Kikubaaqudgha.
  7096 | D:9      | Reached skill level 10 in Unarmed Combat
  7231 | D:9      | Reached * piety under Okawaru
  7294 | D:9      | Found Ujuozoji's Gadget Gallery.
  7298 | D:9      | Bought a condenser vane for 560 gold pieces
  7340 | D:9      | Found a glowing golden altar of the Shining One.
  7487 | D:9      | Found a stormy altar of Qazlal.
  7491 | D:9      | Found a bloodstained altar of Trog.
  7491 | D:9      | Found a shimmering altar of Xom.
  7576 | D:10     | Entered Level 10 of the Dungeon
  7630 | D:10     | Reached ** piety under Okawaru
  7631 | D:10     | Reached skill level 11 in Unarmed Combat
  7719 | D:10     | Reached *** piety under Okawaru
  7729 | D:10     | Reached XP level 11. HP: 97/107 MP: 12/12
  7825 | D:10     | Found a snail-covered altar of Cheibriados.
  7831 | D:10     | Noticed a red ugly thing
  7856 | D:10     | Killed a red ugly thing
  7866 | D:10     | Found a staircase to the Lair.
  7867 | D:10     | Noticed a fire dragon
  7927 | D:10     | Killed a fire dragon
  7927 | D:10     | Received a gift from Okawaru
  7928 | D:10     | Reached skill level 12 in Unarmed Combat
  8000 | D:10     | Noticed a boulder beetle
  8017 | D:10     | Killed a boulder beetle
  8017 | D:10     | Reached **** piety under Okawaru
  8436 | Lair:1   | Entered Level 1 of the Lair of Beasts
  8898 | Lair:1   | Found a runed translucent gate.
  8898 | Lair:1   | Found a runed translucent gate.
  8900 | Lair:1   | Noticed Vorhees's ghost (journeyman GnWn)
  8901 | Lair:1   | Found a runed translucent gate.
  9150 | Lair:1   | Found a viscous altar of Jiyva.
  9208 | Lair:2   | Reached skill level 13 in Unarmed Combat
  9232 | Lair:2   | Reached ***** piety under Okawaru
  9308 | Lair:2   | Identified the +4 broad axe of Fefyil {protect, Int+3}
                  | (Okawaru gifted it to you on level 2 of the Lair of Beasts)
  9308 | Lair:2   | Received a gift from Okawaru
  9375 | Lair:2   | Found a staircase to the Swamp.
  9377 | Lair:2   | Noticed a bog body
  9385 | Lair:2   | Killed a bog body
  9843 | Lair:2   | Reached XP level 12. HP: 117/119 MP: 13/13
  9961 | Lair:2   | Reached skill level 14 in Unarmed Combat
 10408 | Lair:3   | Received a gift from Okawaru
 10587 | Lair:3   | Identified the +5 steam dragon scales of the Tundras
                  | {Int+4} (Okawaru gifted it to you on level 3 of the Lair of
                  | Beasts)
 10587 | Lair:3   | Received a gift from Okawaru
 10613 | Lair:3   | Noticed Prince Ribbit
 10641 | Lair:3   | Killed Prince Ribbit
 11302 | Lair:4   | Found an ornate altar of the Wu Jian Council.
 11390 | Lair:4   | Reached skill level 15 in Unarmed Combat
 11475 | Lair:4   | Reached skill level 5 in Dodging
 11500 | Lair:4   | Found a dark tunnel.
 11547 | Lair:4   | HP: 3/122 [basilisk (4)]
 11547 | Lair:4   | Slain by a yak

Illustrated notes

Levels and vault maps discovered:
D:1:      dpeg_arrival_concentric_ovals, layout_basic, serial_bayou,
          serial_bayou_pond_a, serial_bayou_pond_a, serial_bayou_pond_a,
          serial_bayou_pond_e, hellmonk_ecumenical_altar_leap_of_faith,
          kennysheep_flooded_box, hangedman_abyss_or_decor_lesser_grid
D:2:      layout_basic, uniq_natasha
D:3:      layout_basic, overflow_temple_1_default, cheibrodos_sewer_entry_drain,
          uniq_ijyb
D:4:      layout_gridville, serial_bayou, serial_bayou_shore_a,
          serial_bayou_lake_a, serial_bayou_lagoon_a, serial_bayou_lagoon_b,
          uniq_menkaure
D:5:      layout_loops_cross, general_overflow_altar, minmay_temple_entry_tees,
          serial_shops, shop, uniq_grinder
D:6:      layout_loops_ring, zin_academy, uniq_duvessa, uniq_blork_the_orc
D:7:      layout_basic, beargit_hepliaklqana_dungeon_heroes
D:8:      layout_cave_pools, elyvilon_altar_5, okawaru_trees_1
D:9:      layout_basic, lemuel_coloured_pillars_altar,
          chequers_temple_overflow_statue_of_worship,
          nicolae_kikubaaqudgha_miasma_corner, nicolae_shop_gadgets
D:10:     wad_cavern_with_rooms, layout_cave_pools, cheibriados_altar_1,
          minmay_lair_entry_lava, palyth_stone_intersect, nicolae_water_bricks,
          minmay_misc_feat_five
Temple:   jpeg_temple_alley_garden
Lair:1:   layout_regular_city, gammafunk_ghost_ooze, grunt_megastairs_4
Lair:2:   layout_cave_pods, skrybe_swamp_entry_bodies,
          nicolae_quartered_pool_little
Lair:3:   beast_lair_carwin_large_1, layout_gridlike,
          infiniplex_staircase_pool_2, uniq_prince_ribbit2
Lair:4:   layout_gridlike, spider_nest_entry_funnel_web,
          nicolae_volcano_entry_lava_flow, basic_altar, serial_bayou_shore_b,
          lemuel_fruit_fields, serial_bayou_shore_b

Skill      XL: |  1  2  3  4  5  6  7  8  9 10 11 12 |
---------------+-------------------------------------+-----
Dodging        | 2 3 4 5 |  5.0
Fighting       | 2 3 4 5 6 7 8 |  8.7
Unarmed Combat | 3 4 5 6 7 9 11 13 15 | 15.3
Armour         | 1 2 3 5 6 7 8 |  8.0
Throwing       | 1 2 3 |  3.7
Shields        | 1 |  1.3
Spellcasting   | |  1.4
Translocations | |  2.7

Action                   |  1- 3 |  4- 6 |  7- 9 | 10-12 || total
-------------------------+-------+-------+-------+-------++-------
Melee: Unarmed           |    87 |   196 |   280 |   620 ||  1183
       Punch             |       |     1 |    13 |    53 ||    67
Throw: Large rock        |       |       |    11 |       ||    11
       Boomerang         |       |       |     5 |       ||     5
       Javelin           |       |       |       |    24 ||    24
Evoke: Condenser vane    |       |       |       |     1 ||     1
  Use: Scroll            |       |     9 |     4 |     2 ||    15
Armor: Robe              |    27 |     7 |       |       ||    34
       Storm dragon scal |       |    78 |    91 |   168 ||   337
       Skin              |       |    21 |       |       ||    21
Dodge: Dodged            |    48 |   129 |   174 |   357 ||   708
Block: Other             |       |       |    63 |   130 ||   193
       Reflection        |       |       |     2 |       ||     2

Table legend: (Time is in decaauts)
 A = Elapsed time spent in this place.
 B = Non-inter-level travel time spent in this place.
 C = Inter-level travel time spent in this place.
 D = Time resting spent in this place.
 E = Time spent auto-exploring this place.
 F = Levels seen in this place.
 G = Mean time per level.
                   A        B        C        D        E       F      G
               +--------+--------+--------+--------+--------+-----+--------+
         Total |  11548 |  11225 |    323 |   1119 |   7417 |  16 |  721.8 |
       Dungeon |   7821 |   7548 |    273 |    641 |   5062 |  10 |  782.1 |
        Temple |    207 |    200 |      7 |      0 |    190 |   1 |  207.0 |
          Lair |   3088 |   3045 |     43 |    378 |   2002 |   4 |  772.0 |
         Sewer |    430 |    430 |      0 |    100 |    162 |   1 |  430.0 |
               +--------+--------+--------+--------+--------+-----+--------+

Top non-repeatable levels by time:
  Lair:2: 1128 daAuts
     D:3: 1003 daAuts
     D:2: 1001 daAuts
     D:4: 964 daAuts
  Lair:3: 957 daAuts
    D:10: 820 daAuts
     D:1: 810 daAuts
  Lair:1: 747 daAuts
     D:7: 741 daAuts
     D:5: 716 daAuts
     D:6: 701 daAuts
     D:9: 537 daAuts
     D:8: 524 daAuts
   Sewer: 430 daAuts
  Lair:4: 256 daAuts
